 Dungeon Crawl Stone Soup version 0.19-a0-1697-g0595f0e (webtiles) character file.

1211 khekkus the Destroyer (level 8, -8/46 HPs)
             Began as a High Elf Conjurer on Sept 26, 2016.
             Mangled by Blork the orc
             ... wielding a +0 dire flail
              (17 damage)
             ... on level 5 of the Dungeon.
             The game lasted 00:22:09 (6048 turns).

khekkus the Destroyer (High Elf Conjurer)           Turns: 6048, Time: 00:22:10

Health: -8/46      AC:  6    Str:  8    XL:     8   Next: 22%
Magic:  12/12      EV: 13    Int: 21    God:
Gold:   229        SH:  0    Dex: 15    Spells: 3 memorised, 3 levels left

rFire  . . .     SeeInvis .     a - +1 dagger (protect)
rCold  . . .     Gourm    .     t - +0 robe
rNeg   . . .     Faith    .     (no shield)
rPois  .         Spirit   .     r - +0 helmet
rElec  .         Dismiss  .     (no cloak)
rCorr  .         Reflect  .     x - +1 pair of gloves
MR     .....     Harm     .     (no boots)
Stlth  ++........               (no amulet)
                                (no ring)
                                (no ring)

@: very slightly contaminated, hasted, very quick
A: no striking features
a: no special abilities


You were on level 5 of the Dungeon.
You were not hungry.

You visited 1 branch of the dungeon, and saw 5 of its levels.

You collected 229 gold pieces.

Inventory:

Hand Weapons
 a - a +1 dagger of protection (weapon)
 b - the +4 short sword "Ycept" {venom, MR- Str+7 SInv Stlth-}
   (You found it on level 5 of the Dungeon)

   It poisons the flesh of those it strikes.
   It affects your strength (+7).
   It affects your resistance to hostile enchantments.
   It lets you see invisible.
   It makes you less stealthy.
Armour
 j - a +0 buckler
 r - a +0 helmet (worn)
 t - a +0 robe (worn)
 x - a +1 pair of gloves (worn)
Jewellery
 l - a +3 ring of dexterity {unknown}
Wands
 d - a wand of flame (30/48)
Scrolls
 i - a scroll of fear
 o - a scroll of recharging {unknown}
 y - 2 scrolls of remove curse
Potions
 e - a potion of haste
 h - a potion of flight {unknown}
 k - a potion of brilliance {unknown}
 p - a potion of curing
 s - a potion of agility {unknown}
Books
 q - a book of Conjurations

   Spells                             Type                      Level
   a - Magic Dart                     Conjuration                  1
   b - Searing Ray                    Conjuration                  2
   c - Dazzling Spray                 Conjuration/Hexes            3
   d - Fulminant Prism                Conjuration/Hexes            4
   e - Iskenderun's Mystic Blast      Conjuration                  4
   f - Iskenderun's Battlesphere      Conjuration/Charms           5
Comestibles
 c - 5 bread rations
 f - 2 royal jellies
 m - 3 chunks of flesh
 n - 4 meat rations


   Skills:
 - Level 2.1 Dodging
 - Level 2.1 Stealth
 - Level 2.4 Spellcasting
 + Level 11.4 Conjurations


You had 3 spell levels left.
You knew the following spells:

 Your Spells              Type           Power        Failure   Level  Hunger
a - Magic Dart            Conj           ####         1%          1    None
b - Searing Ray           Conj           ######       1%          2    ##.....
c - Iskenderun's Battles  Conj/Chrm      ####....     41%         5    ######.


Dungeon Overview and Level Annotations

Branches:
Dungeon (5/15)
 Temple: D:4-7

Altars:
Makhleb
Qazlal
Ru
Xom

Annotations:
D:5 Blork the orc


Message History

Blork the orc miscasts a cantrip.
Blork the orc mumbles some strange words.
The ogre hits you with a giant spiked club!!
* * * LOW HITPOINT WARNING * * *
Blork the orc casts a spell.
Blork the orc flickers and vanishes!
Deactivating autopickup; reactivate with Ctrl-A.
You feel much better.
The ogre hits you with a giant spiked club!
* * * LOW HITPOINT WARNING * * *
Something hits you.
* * * LOW HITPOINT WARNING * * *
The ogre barely misses you.
You feel yourself speed up.
You hear some strange, mumbled words.
A puff of flame appears from out of thin air!
The puff of flame misses you.
You are very lightly contaminated with residual magic.
Something hits you!
You die...

#...# #.##...###....... #...#
#)###......##.#.# #...#
#.###########.#.# #...#
######...## #.#.. #...#
#.........# ######.###
#####...####.........# #....#....
.............#.###...###....#####
................#.....)......#
.............#..@..#.###.....#
#.._....#.##.#.##..#.###.....####
##......#.##.<..O........#.......
##.#...#.##.............#.#####.
#.#...#.#######........#.#####.
#.#...#.#### #.............##.
#........... ##.......#.##.##<
###.#.##.### #.......#.......
#......#.#### #.......####....


There were no monsters in sight!

Vanquished Creatures
  The ghost of beholder the Charmwright, an amateur HESk of Qazlal (D:4)
  A phantom (D:4)
  3 ogres
  A scorpion (D:5)
  A crimson imp (D:4)
  A bullfrog skeleton (D:4)
  A centaur skeleton (D:5)
  3 hounds
  3 orc priests (D:4)
  4 orc wizards
  Natasha (thrice) (D:3)
  A worker ant (D:4)
  A howler monkey skeleton (D:5)
  5 adders
  An ooze (D:2)
  An adder skeleton (D:4)
  3 worms
  3 dart slugs
  6 leopard geckos
  11 orcs
  4 bats
  6 giant cockroaches
  11 hobgoblins
  6 jackals
  5 kobolds
  A quokka (D:5)
  A ball python (D:3)
  8 frilled lizards
  3 goblins
  7 rats
106 creatures vanquished.

Notes
Turn   | Place    | Note
-------+----------+-------------------------------------------
     0 | D:1      | khekkus the High Elf Conjurer began the quest for the Orb.
     0 | D:1      | Reached XP level 1. HP: 11/11 MP: 4/4
   433 | D:1      | Reached XP level 2. HP: 17/17 MP: 4/6
   437 | D:1      | Learned a level 2 spell: Searing Ray
   560 | D:1      | Reached skill level 5 in Conjurations
   734 | D:2      | Found a stormy altar of Qazlal.
   917 | D:2      | Reached XP level 3. HP: 21/21 MP: 5/7
  1336 | D:2      | Found a shimmering altar of Xom.
  1556 | D:2      | Reached skill level 6 in Conjurations
  2007 | D:2      | Reached XP level 4. HP: 27/27 MP: 4/8
  2179 | D:3      | Noticed Natasha
  2183 | D:3      | Killed Natasha
  2366 | D:3      | Noticed Natasha
  2370 | D:3      | Killed Natasha
  2370 | D:3      | Reached skill level 7 in Conjurations
  2370 | D:3      | Reached XP level 5. HP: 24/31 MP: 4/9
  2377 | D:3      | Learned a level 5 spell: Iskenderun's Battlesphere
  3352 | D:3      | Noticed Natasha
  3357 | D:3      | Killed Natasha
  3492 | D:4      | Reached skill level 8 in Conjurations
  3492 | D:4      | Reached XP level 6. HP: 36/36 MP: 6/10
  3882 | D:4      | Noticed beholder's ghost (amateur HESk)
  3915 | D:4      | Killed beholder's ghost
  3915 | D:4      | Reached skill level 9 in Conjurations
  3915 | D:4      | Reached XP level 7. HP: 35/41 MP: 1/11
  4527 | D:4      | Reached skill level 10 in Conjurations
  5586 | D:4      | Reached skill level 11 in Conjurations
  5586 | D:4      | Reached XP level 8. HP: 46/46 MP: 7/12
  5696 | D:5      | Entered Level 5 of the Dungeon
  5735 | D:5      | Got an ichor-stained short sword
  5736 | D:5      | Identified the +4 short sword "Ycept" {venom, MR- Str+7 SInv Stlth-} (You found it on level 5 of the Dungeon)
  5752 | D:5      | Found a sacrificial altar of Ru.
  5965 | D:5      | Found a burning altar of Makhleb.
  6020 | D:5      | Noticed Blork the orc
  6048 | D:5      | Mangled by Blork the orc

Vault maps used:
D:1:      lemuel_arrival_muddy
D:2:      grunt_qazlal_clouds, nicolae_overflow_crystal_walls, first_bread,
          minmay_misc_feat_doors, grunt_decor_arrowhead
D:3:      uniq_natasha
D:5:      bloody_makhleb, nicolae_ru_sacrificial_ziggurat, uniq_blork_the_orc

Skill      XL: |  1  2  3  4  5  6  7 |
---------------+----------------------+-----
Conjurations   | 5 6 7 8 9 11 | 11.4
Dodging        | |  2.1
Stealth        | |  2.1
Spellcasting   | |  2.4

Action                   |  1- 3 |  4- 6 |  7- 9 || total
-------------------------+-------+-------+-------++-------
Melee: Dagger            |       |     8 |       ||     8
 Cast: Magic Dart        |    70 |    53 |    75 ||   198
       Searing Ray       |     4 |    12 |    15 ||    31
  Use: Scroll            |       |    12 |       ||    12
       Potion            |       |       |     3 ||     3
  Eat: Chunk             |     4 |     6 |     1 ||    11
       Meat ration       |       |       |     1 ||     1
       Beef jerky        |       |       |     1 ||     1
Armor: Robe              |     2 |     8 |     4 ||    14
Dodge: Dodged            |    12 |    16 |    17 ||    45
